[ AOE2 MATCH · #484331978 ]
UnrankedVikings vs Huns
Player's team · WIN
Rival team · LOSS
[ REPLAY ANALYSIS · EXTRACTED FROM THE RECORDED GAME ]
Feudal
9:16
Castle
—
Imperial
—
| APM avg | 38.5 |
| APM peak | 66 |
| eAPM avg | 19.6 |
| Villagers / military | 34 / 4 |
Focus
⚔️ 29.0% · 🌾 71.0%
Militia ×4
Feudal
8:56
Castle
—
Imperial
—
| APM avg | 78.3 |
| APM peak | 116 |
| eAPM avg | 15.4 |
| Villagers / military | 24 / 6 |
Focus
⚔️ 35.9% · 🌾 64.1%
Scout Cavalry ×4 · Spearman ×2
Match map
Initial resources + every placement click. Lines = walls · curves = elevation contours. ◆ gold · ⬟ stone · ● berries · ✦ relic · ◌ wall gap
Your base
lesuanhuy's base
Smoothed initial terrain · ◌ = detected wall gap · hover for details
Inputs per minute
— JustRightCereal - - lesuanhuy
Build order — JustRightCereal
67 actions detected in the replay
| 0:00 | Create | Villager (Male) |
| 0:01 | Create | Villager (Male) |
| 0:01 | Create | Villager (Male) |
| 0:01 | Create | Villager (Male) |
| 0:02 | Build | House |
| 0:03 | Build | House |
| 1:24 | Create | Villager (Male) |
| 1:24 | Create | Villager (Male) |
| 1:45 | Build | Lumber Camp |
| 2:00 | Create | Villager (Male) |
| 2:00 | Create | Villager (Male) |
| 2:17 | Create | Villager (Male) |
| 2:45 | Create | Villager (Male) |
| 2:45 | Create | Villager (Male) |
| 3:10 | Create | Villager (Male) |
| 3:10 | Create | Villager (Male) |
| 3:24 | Build | House |
| 3:27 | Build | House |
| 3:28 | Build | Palisade Wall |
| 3:35 | Create | Villager (Male) |
| 3:35 | Create | Villager (Male) |
| 3:50 | Create | Villager (Male) |
| 3:50 | Create | Villager (Male) |
| 4:19 | Create | Villager (Male) |
| 4:43 | Create | Villager (Male) |
| 4:54 | Build | Mill |
| 5:15 | Build | Palisade Wall |
| 5:26 | Create | Villager (Male) |
| 5:26 | Create | Villager (Male) |
| 5:27 | Create | Villager (Male) |
| 5:33 | Create | Villager (Male) |
| 5:33 | Create | Villager (Male) |
| 5:33 | Create | Villager (Male) |
| 5:35 | Research | Loom |
| 6:43 | Build | Barracks |
| 7:01 | Research | Feudal Age |
| 7:02 | Research | Feudal Age |
| 7:37 | Build | House |
| 7:39 | Build | Palisade Wall |
| 7:40 | Create | Militia |
| 7:41 | Create | Militia |
| 7:55 | Create | Militia |
| 8:02 | Create | Villager (Male) |
| 8:18 | Create | Militia |
| 8:22 | Build | Mining Camp |
| 8:51 | Create | Villager (Male) |
| 9:16 | Age | Feudal Age |
| 9:19 | Research | Man-at-Arms (upgrade) |
| 9:37 | Create | Villager (Male) |
| 9:54 | Build | Mill |
| 9:59 | Create | Villager (Male) |
| 10:07 | Build | House |
| 10:12 | Build | Palisade Wall |
| 10:13 | Build | Palisade Wall |
| 10:15 | Create | Villager (Male) |
| 10:22 | Create | Villager (Male) |
| 10:48 | Create | Villager (Male) |
| 10:56 | Build | Archery Range |
| 10:57 | Build | Farm |
| 10:58 | Build | Farm |
| 10:58 | Build | Farm |
| 11:16 | Create | Villager (Male) |
| 11:20 | Build | Palisade Wall |
| 11:24 | Build | Farm |
| 11:41 | Create | Villager (Male) |
| 11:47 | Build | Farm |
| 11:48 | Build | Farm |
Build order — lesuanhuy
56 actions detected in the replay
| 0:01 | Create | Villager (Male) |
| 0:02 | Create | Villager (Male) |
| 0:18 | Create | Villager (Male) |
| 0:18 | Create | Villager (Male) |
| 1:33 | Create | Villager (Male) |
| 2:07 | Create | Villager (Male) |
| 2:09 | Build | Lumber Camp |
| 2:18 | Create | Villager (Male) |
| 2:18 | Create | Villager (Male) |
| 2:56 | Create | Villager (Male) |
| 3:06 | Create | Villager (Male) |
| 3:45 | Create | Villager (Male) |
| 4:05 | Create | Villager (Male) |
| 4:13 | Create | Villager (Male) |
| 4:29 | Create | Villager (Male) |
| 4:58 | Build | Mill |
| 5:27 | Create | Villager (Male) |
| 5:53 | Create | Villager (Male) |
| 5:57 | Build | Mill |
| 6:12 | Research | Loom |
| 6:46 | Research | Feudal Age |
| 6:46 | Research | Feudal Age |
| 8:00 | Build | Barracks |
| 8:56 | Age | Feudal Age |
| 9:04 | Create | Villager (Male) |
| 9:06 | Build | Stable |
| 9:11 | Create | Spearman |
| 9:18 | Create | Villager (Male) |
| 9:27 | Create | Villager (Male) |
| 9:28 | Create | Spearman |
| 9:37 | Create | Villager (Male) |
| 9:40 | Build | Palisade Wall |
| 9:42 | Build | Palisade Wall |
| 9:43 | Build | Palisade Wall |
| 9:46 | Build | Palisade Wall |
| 9:48 | Build | Palisade Wall |
| 9:49 | Build | Palisade Wall |
| 9:53 | Build | Palisade Wall |
| 10:00 | Create | Scout Cavalry |
| 10:00 | Create | Scout Cavalry |
| 10:00 | Create | Scout Cavalry |
| 10:00 | Create | Scout Cavalry |
| 10:42 | Build | Palisade Wall |
| 10:44 | Build | Palisade Wall |
| 10:48 | Create | Villager (Male) |
| 10:51 | Build | Archery Range |
| 10:57 | Create | Villager (Male) |
| 11:00 | Build | Farm |
| 11:04 | Create | Villager (Male) |
| 11:08 | Build | Palisade Wall |
| 11:10 | Build | Palisade Wall |
| 11:13 | Build | Palisade Wall |
| 11:14 | Build | Palisade Wall |
| 11:15 | Build | Palisade Wall |
| 11:23 | Build | Palisade Wall |
| 11:40 | Create | Villager (Male) |
Match timeline
| 3:28 | JustRightCereal · wall_segment Palisade Wall x1 |
| 5:15 | JustRightCereal · wall_segment Palisade Wall x8 |
| 6:43 | JustRightCereal · first_building Barracks |
| 7:39 | JustRightCereal · wall_segment Palisade Wall x3 |
| 8:00 | lesuanhuy · first_building Barracks |
| 8:56 | lesuanhuy · age_up feudal |
| 9:06 | lesuanhuy · first_building Stable |
| 9:16 | JustRightCereal · age_up feudal |
| 9:40 | lesuanhuy · wall_segment Palisade Wall x1 |
| 9:42 | lesuanhuy · wall_segment Palisade Wall x1 |
| 9:43 | lesuanhuy · wall_segment Palisade Wall x1 |
| 9:46 | lesuanhuy · wall_segment Palisade Wall x1 |
| 9:48 | lesuanhuy · wall_segment Palisade Wall x1 |
| 9:49 | lesuanhuy · wall_segment Palisade Wall x1 |
| 9:53 | lesuanhuy · wall_segment Palisade Wall x1 |
| 10:12 | JustRightCereal · wall_segment Palisade Wall x10 |
| 10:13 | JustRightCereal · wall_segment Palisade Wall x5 |
| 10:42 | lesuanhuy · wall_segment Palisade Wall x1 |
| 10:44 | lesuanhuy · wall_segment Palisade Wall x1 |
| 10:51 | lesuanhuy · first_building Archery Range |
| 10:56 | JustRightCereal · first_building Archery Range |
| 11:08 | lesuanhuy · wall_segment Palisade Wall x1 |
| 11:10 | lesuanhuy · wall_segment Palisade Wall x1 |
| 11:13 | lesuanhuy · wall_segment Palisade Wall x1 |
| 11:14 | lesuanhuy · wall_segment Palisade Wall x1 |
| 11:15 | lesuanhuy · wall_segment Palisade Wall x1 |
| 11:20 | JustRightCereal · wall_segment Palisade Wall x11 |
| 11:23 | lesuanhuy · wall_segment Palisade Wall x1 |
| 11:48 | lesuanhuy · resign |
[ AI ANALYSIS · 1 CREDIT ]
What really happened in this match?
Wolo.gg analyzes every decision: build order, eco, micro, common mistakes by bracket. Personalized analysis on WhatsApp or Discord in 30 seconds.
Civ guide
Vikings
Perfil
Jugador #2196242